 Dungeon Crawl Stone Soup version 0.30.1-11-g7821555f0a (webtiles) character file.

Game seed: 5822688939985812793

5 Heoruswealwe the Conjurer (level 1, -3/10 HPs)
             Began as a Deep Elf Conjurer on Jan 2, 2024.
             Succumbed to a kobold's poison
             ... on level 1 of the Dungeon.
             The game lasted 00:01:46 (93 turns).

Heoruswealwe the Conjurer (Deep Elf Conjurer)         Turns: 93, Time: 00:01:46

Health: -3/10      AC:  2    Str:  4    XL:     1   Next: 66%
Magic:  1/6        EV: 12    Int: 22    God:
Gold:   0          SH:  0    Dex: 13    Spells: 5/6 levels left

rFire   . . .        a - +1 long sword (elec)
rCold   . . .        (no shield)
rNeg    . . .        c - +0 robe
rPois   .            (no helmet)
rElec   .            (no cloak)
rCorr   .            (no gloves)
SInv    .            (no boots)
Will    .....        i - amulet of the acrobat
Stlth   ++           (no ring)
HPRegen 0.21/turn    (no ring)
MPRegen 0.10/turn

%: acrobat
@: lethally poisoned (-3 -> -23)
A: no striking features
a: no special abilities


You were on level 1 of the Dungeon.
You visited 1 branch of the dungeon, and saw 1 of its levels.

Inventory:

Hand Weapons
 a - a +1 long sword of electrocution (weapon)
Armour
 c - a +0 robe (worn)
 f - a +0 robe
Jewellery
 i - an amulet of the acrobat (around neck)
Scrolls
 d - a scroll of identify {unknown}
 e - a scroll of noise {unknown}
Potions
 b - a potion of magic


   Skills:
 - Level 2.4 Dodging
 - Level 2.4 Stealth
 + Level 3.3 Spellcasting
 + Level 4.5 Conjurations


You had 5 spell levels left.
You knew the following spells:

 Your Spells              Type           Power      Damage    Failure   Level
a - Magic Dart            Conj           92%        1d7       1%          1

Your spell library contained the following spells:

 Spells                   Type           Power      Damage    Failure   Level
 Searing Ray              Conj           46%        2d6       2%          2
 Dazzling Flash           Conj/Hex       26%        N/A       14%         3
 Fulminant Prism          Conj/Hex       6%         3d7       43%         4
 Iskenderun's Mystic Bla  Conj/Tloc      13%        2d5       43%         4


Dungeon Overview and Level Annotations

Branches:
Dungeon (1/15)

Altars:


Message History

A frilled lizard comes into view.
The frilled lizard hisses angrily.
The magic dart hits the frilled lizard.
You kill the frilled lizard!
A rat comes into view.
The magic dart hits the rat.
The rat is moderately wounded.
The magic dart hits the rat but does no damage.
The rat is moderately wounded.
The magic dart hits the rat!
You kill the rat!
Found a hand axe.
You see here a +0 robe.
f - a +0 robe A hobgoblin comes into view.
A rat comes into view.
The magic dart hits the hobgoblin.
The hobgoblin is severely wounded.
The hobgoblin shouts!
You are out of magic!
A kobold comes into view.
It is wielding a +1 short sword of venom.
The kobold shouts!
You closely miss the hobgoblin.
The hobgoblin is severely wounded.
The hobgoblin misses you.
You hit the hobgoblin.
You kill the hobgoblin!
You hit the kobold but do no damage. The kobold misses you.
You hit the kobold but do no damage. The kobold hits you but does no damage.
The kobold hits you with a +1 short sword of venom.
You are lethally poisoned!
You closely miss the kobold.
Ouch! That really hurt!
* * * LOW HITPOINT WARNING * * *
You feel very sick. The kobold hits you but does no damage.
You are more poisoned.
You closely miss the kobold.
Ouch! That really hurt!
You die...

#... .#.#...###..
#..###.#.....#...#
....#.. #..#.#.# ##....
#......# #....# #..#...#
# #....## ##....###
#r.####.....# #........
#..........####...##.##
####..@##..#...)#.##.#.
......†K.#..#.##.#.##.#.
.####..#.....>.....##.#.
#).###.#........##.#.
...# #..#........##.#.
.#.. .............##.#.
# #. ......#..........##
.....$...#......####
.[.....#........


You could see a kobold and a rat (asleep).

Vanquished Creatures
  2 hobgoblins (D:1)
  A bat (D:1)
  A frilled lizard (D:1)
  A kobold (D:1)
  A rat (D:1)
6 creatures vanquished.

Notes
Turn   | Place    | Note
-------+----------+-------------------------------------------
     0 | D:1      | Heoruswealwe the Deep Elf Conjurer began the quest for the
                  | Orb.
     0 | D:1      | Reached XP level 1. HP: 10/10 MP: 6/6
    93 | D:1      | Succumbed to a kobold's poison

Illustrated notes

Levels and vault maps discovered:
D:1:      zelgadis_glass_arrival_small, layout_rooms

Action                     || total
---------------------------++-------
  Melee: Long sword        ||     6
   Cast: Magic Dart        ||    11
 Armour: Robe              ||     3
  Dodge: Dodged            ||     2
